 Dungeon Crawl Stone Soup version 0.31-a0-271-gb88eb75e06 (webtiles) character file.

Game seed: 6203589928181428754

654 Demosthentine the Ducker (level 7, -6/55 HPs)
             Began as a Demonspawn Gladiator on July 15, 2023.
             Mangled by Prince Ribbit (10 damage)
             ... on level 5 of the Dungeon.
             The game lasted 00:04:36 (2931 turns).

Demosthentine the Ducker (Demonspawn Gladiator)     Turns: 2931, Time: 00:04:37

Health: -6/55      AC:  4    Str: 17    XL:     7   Next: 29%
Magic:  7/7        EV: 13    Int: 11    God:
Gold:   103        SH:  0    Dex: 14    Spells: 6/6 levels left

rFire   . . .        a - +1 trident
rCold   . . .        (no shield)
rNeg    . . .        b - +0 leather armour
rPois   .            c - +0 helmet
rElec   .            (no cloak)
rCorr   .            (no gloves)
SInv    .            (no boots)
Will    .....        (no amulet)
Stlth   +            (no ring)
HPRegen 0.29/turn    (no ring)
MPRegen 0.10/turn

%: no passive effects
@: unable to drink
A: hooves 1, demonic guardian 2, big brain 1, screaming 1, inability to drink
after injury 1
a: no special abilities


You were on level 5 of the Dungeon.
You visited 1 branch of the dungeon, and saw 6 of its levels.

You collected 103 gold pieces.

Inventory:

Hand Weapons
 a - a +1 trident (weapon)
 o - a +0 morningstar
Missiles
 d - 5 throwing nets (quivered)
 e - a javelin
Armour
 b - a +0 leather armour (worn)
 c - a +0 helmet (worn)
Jewellery
 j - a ring of wizardry
 p - an amulet of faith
Talismans
 l - a beast talisman
Scrolls
 h - a scroll of fog {unknown}
 k - a scroll of identify
 m - a scroll of enchant weapon
Potions
 f - a potion of attraction
 n - a potion of lignification {unknown}


   Skills:
 + Level 4.3 Fighting
 + Level 4.4 Polearms
 - Level 1.7 Throwing
 + Level 3.3 Armour
 + Level 4.5 Dodging


You had 6 spell levels left.
You didn't know any spells.
Your spell library contained the following spells:

 Spells                   Type           Power      Damage    Failure   Level
 Manifold Assault         Tloc           0%         N/A       99%         4
 Dispersal                Tloc           0%         N/A       100%        6
 Disjunction              Tloc           0%         N/A       100%        8


Dungeon Overview and Level Annotations

Branches:
Dungeon (6/15)             Temple (0/1) D:5

Altars:
Qazlal
Trog

Shops:
D:1 (

Annotations:
D:4 Dowan, Duvessa
D:5 Prince Ribbit


Innate Abilities, Weirdness & Mutations

You have large cloven feet.
A demonic guardian rushes to your aid.
You have an unusually large brain. (Int +2)
You occasionally shout uncontrollably at your foes.
You occasionally lose the ability to drink potions when taking damage.


Message History

The gnoll hits you from afar with a +0 spear!
* * * LOW HITPOINT WARNING * * *
A demonic guardian appears!
Reach: a) +1 trident
Press: ? - help, Dir - move target, f - gnoll
Aim: a gnoll, wielding a +0 spear (ally target, about 34% to evade your +1 trident)
You reach to attack!
You hit the gnoll.
The gnoll is lightly wounded.
The gnoll hits you from afar with a +0 spear!
* * * LOW HITPOINT WARNING * * *
Reach: a) +1 trident
Press: ? - help, Dir - move target, f/p - gnoll
Aim: a gnoll, wielding a +0 spear (ally target, about 34% to evade your +1 trident)
You reach to attack!
You hit the gnoll.
The gnoll is lightly wounded.
The gnoll completely misses you.
Your hellwing swoops through the air toward the gnoll!
Your hellwing barely misses the gnoll.
Your hellwing hits the gnoll.
The gnoll hits your hellwing but does no damage.
Reach: a) +1 trident
Press: ? - help, Dir - move target, f/p - gnoll
Aim: a gnoll, wielding a +0 spear (severely wounded, not watching you, ally target, about 34% to evade your +1 trident)
You reach to attack!
You hit the gnoll.
The gnoll is severely wounded.
Your hellwing hits the gnoll!
The gnoll dies!
Reach: a) +1 trident
Press: ? - help, Dir - move target, f - you That would be overly suicidal.
Okay, then.
Unknown command.
You hit Prince Ribbit. Your kick misses Prince Ribbit.
Prince Ribbit is severely wounded.
Prince Ribbit closely misses you.
Your hellwing misses Prince Ribbit. Your hellwing hits Prince Ribbit.
You closely miss Prince Ribbit. Your kick misses Prince Ribbit.
Prince Ribbit is almost dead.
Prince Ribbit hits you!
You feel threatened and lose the ability to drink potions!
You die...

##.........#
##..#.......#
#...........#
#...#####....
######### ##..##5$$
#... #.......#
#...#55∩!. ..#
........###.#.##5!.#
## #.. ##..##..#..#
###
#...##.@F4.###...
........#### ####
..>...$.# ........#
#...##..# #...##..#
.......## ### ###


You could see Prince Ribbit (corroded, ally target) and a friendly hellwing
(summoned).

Vanquished Creatures
  An ice beast (D:6)
  A black bear (D:3)
  A scorpion (D:5)
  A hound (D:5)
  Jessica (D:2)
  An orc wizard (D:6)
  Robin (D:2)
  6 gnolls
  4 adders
  A white imp (D:6)
  2 worms (D:2)
  2 dart slugs (D:3)
  4 orcs
  3 endoplasms (D:2)
  3 giant cockroaches (D:1)
  8 hobgoblins
  A jackal (D:5)
  3 kobolds (D:1)
  A quokka (D:3)
  4 ball pythons
  6 bats
  5 frilled lizards
  12 goblins
  4 rats
76 creatures vanquished.

Vanquished Creatures (collateral kills)
  An ogre (D:6)
  A gnoll bouda (D:5)
  An orc wizard (D:6)
  2 gnolls (D:5)
5 creatures vanquished.

Grand Total: 81 creatures vanquished

Notes
Turn   | Place    | Note
-------+----------+-------------------------------------------
     0 | D:1      | Demosthentine the Demonspawn Gladiator began the quest for
                  | the Orb.
     0 | D:1      | Reached XP level 1. HP: 16/16 MP: 1/1
    60 | D:1      | Found a transporter.
    60 | D:1      | Found Doorr's Antique Weapon Emporium.
   342 | D:1      | Gained mutation: You have an unusually large brain. (Int
                  | +2) [demonic ancestry]
   342 | D:1      | Reached XP level 2. HP: 19/22 MP: 2/2
   378 | D:1      | Found a faded altar of an unknown god.
   691 | D:1      | Found a transporter.
   702 | D:1      | Reached skill level 1 in Armour
   934 | D:2      | Reached XP level 3. HP: 28/28 MP: 3/3
  1103 | D:2      | Noticed Jessica
  1118 | D:2      | Killed Jessica
  1119 | D:2      | Reached XP level 4. HP: 25/34 MP: 4/4
  1173 | D:2      | Found a bloodstained altar of Trog.
  1424 | D:2      | Noticed Robin
  1464 | D:2      | Killed Robin
  1884 | D:3      | Gained mutation: You have large cloven feet. [demonic
                  | ancestry]
  1884 | D:3      | Reached XP level 5. HP: 30/41 MP: 5/5
  2128 | D:3      | Found a stormy altar of Qazlal.
  2191 | D:3      | Noticed a black bear
  2203 | D:3      | Killed a black bear
  2213 | D:3      | Gained mutation: A weak demonic guardian rushes to your
                  | aid. [demonic ancestry]
  2213 | D:3      | Reached XP level 6. HP: 19/47 MP: 6/6
  2333 | D:3      | You fall into a shaft and drop 3 floors!
  2367 | D:6      | Noticed an ice beast
  2390 | D:6      | Killed an ice beast
  2734 | D:5      | Entered Level 5 of the Dungeon
  2766 | D:5      | Gained mutation: A demonic guardian rushes to your aid.
                  | [demonic ancestry]
  2766 | D:5      | Reached XP level 7. HP: 17/54 MP: 7/7
  2833 | D:4      | Noticed Dowan
  2834 | D:4      | Noticed Duvessa
  2882 | D:5      | Noticed Prince Ribbit
  2900 | D:5      | Found a staircase to the Ecumenical Temple.
  2902 | D:5      | Gained mutation: You are frail. (-10% HP) [potion of
                  | mutation]
  2903 | D:5      | Lost mutation: You are frail. (-10% HP) [potion of
                  | mutation]
  2903 | D:5      | Gained mutation: You occasionally lose the ability to drink
                  | potions when taking damage. [potion of mutation]
  2903 | D:5      | Gained mutation: You occasionally shout uncontrollably at
                  | your foes. [potion of mutation]
  2926 | D:5      | HP: 2/54 [gnoll/+0 spear[a gnoll bouda] (7)]
  2931 | D:5      | Mangled by Prince Ribbit

Illustrated notes

Levels and vault maps discovered:
D:1:      psy_arrival_whirlpool, layout_basic, serial_shops,
          nicolae_shop_drivethru, hellmonk_ecumenical_altar_leap_of_faith
D:2:      layout_basic, basic_altar, corner_web_ring, chequers_hall_statues_y,
          minivault_4, minmay_misc_feat_chi, uniq_robin, uniq_jessica
D:3:      layout_rooms, mainiacjoe_overflow_tiny_flanked, uniq_sigmund
D:4:      layout_rooms, uniq_grinder, uniq_duvessa
D:5:      cheibrodos_quashed, layout_basic, tgw_kikubaaqudgha,
          kennysheep_mini_moat, minmay_temple_entry_stoned_glass, uniq_menkaure,
          uniq_prince_ribbit1, uniq_edmund
D:6:      lemuel_castle_with_subvaults [lemuel_castle_interior_original],
          layout_basic, doesnt_xom_only_xom, zin_purify, hex_intersection

Skill      XL: |  1  2  3  4  5  6 |
---------------+-------------------+-----
Polearms       | 3 4 |  4.4
Armour         | 1 2 3 |  3.3
Dodging        | 3 4 |  4.5
Fighting       | 3 4 |  4.3
Throwing       | |  1.7

Action                     |  1- 3 |  4- 6 |  7- 9 || total
---------------------------+-------+-------+-------++-------
  Melee: Trident           |    83 |   173 |    24 ||   280
         Kick              |       |    18 |     2 ||    20
         Punch             |       |       |     1 ||     1
  Throw: Throwing net      |       |     4 |       ||     4
    Use: Scroll            |     3 |     2 |     1 ||     6
         Potion            |       |     1 |     3 ||     4
   Stab: Sleeping          |     1 |       |       ||     1
 Armour: Leather armour    |    18 |    44 |     4 ||    66
  Dodge: Dodged            |    48 |   101 |    34 ||   183

Table legend: (Time is in decaauts)
 A = Elapsed time spent in this place.
 B = Non-inter-level travel time spent in this place.
 C = Inter-level travel time spent in this place.
 D = Time resting spent in this place.
 E = Time spent auto-exploring this place.
 F = Levels seen in this place.
 G = Mean time per level.
                   A        B        C        D        E       F      G
               +--------+--------+--------+--------+--------+-----+--------+
         Total |   2971 |   2926 |     45 |    333 |   1872 |   6 |  495.2 |
       Dungeon |   2971 |   2926 |     45 |    333 |   1872 |   6 |  495.2 |
               +--------+--------+--------+--------+--------+-----+--------+

Top non-repeatable levels by time:
     D:2: 1043 daAuts
     D:1: 909 daAuts
     D:3: 413 daAuts
     D:6: 404 daAuts
     D:5: 197 daAuts
     D:4: 4 daAuts
